MLB
HOUSTON ASTROS @ TORONTO BLUE JAYS
06/11/2044
 
TOP OF THE 1ST
Houston Astros batting - Pitching for Toronto Blue Jays : RHP Timo Lantinga
Pitching: RHP Timo Lantinga
Batting: RHB Matt Thompson 0-0: Called Strike
0-1: Foul Ball, location: 2F
0-2: Ball
1-2: Ball
2-2: Foul Ball, location: 2F
2-2: Strikes out swinging
Batting: RHB Chang-wei Jiang 0-0: Ball
1-0: Called Strike
1-1: Foul Ball, location: 2F
1-2: Ball
2-2: Ground out 4-3 (Groundball, 4, EV 88.8 MPH)
Batting: SHB Addick de Vries 0-0: Called Strike
0-1: SINGLE (Groundball, 4D, EV 101.3 MPH)
Batting: RHB Danny Dyer 0-0: Called Strike
0-1: Ball
1-1: Called Strike
1-2: Strikes out looking
Top of the 1st over - 0 runs, 1 hit, 0 errors, 1 left on base; Houston 0 - Toronto 0
BOTTOM OF THE 1ST
Toronto Blue Jays batting - Pitching for Houston Astros : RHP Kevin Ovens-Toots
Pitching: RHP Kevin Ovens-Toots
Batting: LHB Jon Schick 0-0: Ball
1-0: Ball
2-0: DOUBLE (Line Drive, 9LM, EV 115.0 MPH)
Batting: RHB Shigem Kubo 0-0: Ball
1-0: Foul Ball, location: 2F
1-1: DOUBLE (Flyball, 89XD, EV 111.3 MPH)
Jon Schick scores
Batting: RHB Ruben Velasco 0-0: Called Strike
0-1: Foul Ball, location: 2F
0-2: Ball
1-2: Ball
2-2: Ball
3-2: Base on Balls
Batting: RHB Kirk Arp 0-0: Called Strike
0-1: Foul Ball, location: 2F
0-2: Foul Ball, location: 2F
0-2: Strikes out looking
Batting: LHB Gabe White 0-0: Ball
1-0: Called Strike
1-1: Ball
2-1: Ball
3-1: Foul Ball, location: 2F
3-2: Strikes out swinging
Batting: RHB Adam Burke 0-0: Fielders Choice at 2nd, 6-4 (Groundball, 6, EV 78.1 MPH)
Bottom of the 1st over - 1 run, 2 hits, 0 errors, 2 left on base; Houston 0 - Toronto 1
TOP OF THE 2ND
Houston Astros batting - Pitching for Toronto Blue Jays : RHP Timo Lantinga
Batting: SHB Joe Gardner 0-0: Called Strike
0-1: Ball
1-1: SINGLE (Flyball, 8RS, EV 98.8 MPH)
Batting: RHB Trevor Mock 0-0: Ball
1-0: Called Strike
1-1: Ball
2-1: Called Strike
2-2: Ball
3-2: Foul Ball, location: 2F
3-2: Fielders Choice at 2nd, 3-6 (Groundball, 34S, EV 80.6 MPH)
Batting: LHB Ian Jarvis 0-0: Called Strike
0-1: Ball
Trevor Mock is caught stealing 2nd base 2-6
1-1: Fly out, F9 (Flyball, 9, EV 94.4 MPH)
Top of the 2nd over - 0 runs, 1 hit, 0 errors, 0 left on base; Houston 0 - Toronto 1
BOTTOM OF THE 2ND
Toronto Blue Jays batting - Pitching for Houston Astros : RHP Kevin Ovens-Toots
Batting: LHB Isto Mäyrä 0-0: Called Strike
0-1: SOLO HOME RUN (Flyball, 9D, EV 97.5 MPH), Distance : 375 ft
Batting: SHB Dylan Novakowski 0-0: Foul Ball, location: 2F
0-1: Ball
1-1: SINGLE (Groundball, 3D, EV 94.4 MPH)
Batting: RHB Jerry Jauregui 0-0: Ball
1-0: Ball
2-0: Ball
3-0: Called Strike
3-1: SINGLE (Groundball, 3D, EV 102.5 MPH)
Dylan Novakowski to second
Runner from 2nd tries for 3rd, SAFE, throw by RF made to third
Batting: LHB Jon Schick 0-0: Ball
1-0: Foul Ball, location: 2F
1-1: TRIPLE (Flyball, 89XD, EV 108.1 MPH)
Dylan Novakowski scores
Jerry Jauregui scores
Batting: RHB Shigem Kubo 0-0: Ball
1-0: Foul Ball, location: 2F
1-1: Swinging Strike
1-2: Fly out, F8 (Flyball, 89M, EV 91.9 MPH)
Runner from 3rd tags up, OUT at HOME! 8-2
Batting: RHB Ruben Velasco 0-0: Ball
1-0: Swinging Strike
1-1: Ball
2-1: Foul Ball, location: 2F
2-2: Foul Ball, location: 2F
2-2: Foul Ball, location: 2F
2-2: Ball
3-2: Ground out 6-3 (Groundball, 6, EV 82.5 MPH)
Bottom of the 2nd over - 3 runs, 4 hits, 0 errors, 0 left on base; Houston 0 - Toronto 4
TOP OF THE 3RD
Houston Astros batting - Pitching for Toronto Blue Jays : RHP Timo Lantinga
Batting: RHB Josh Froyd 0-0: Ground out 6-3 (Groundball, 56D, EV 91.3 MPH)
Batting: LHB Bryce Hill 0-0: Ball
1-0: Called Strike
1-1: Ball
2-1: Called Strike
2-2: Strikes out looking
Batting: RHB Matt Thompson 0-0: Ball
1-0: Ball
2-0: Called Strike
2-1: Called Strike
2-2: Ball
3-2: Foul Ball, location: 2F
3-2: Ground out 6-3 (Groundball, 56, EV 101.9 MPH)
Top of the 3rd over - 0 runs, 0 hits, 0 errors, 0 left on base; Houston 0 - Toronto 4
BOTTOM OF THE 3RD
Toronto Blue Jays batting - Pitching for Houston Astros : RHP Kevin Ovens-Toots
Batting: RHB Kirk Arp 0-0: Ball
1-0: Ball
2-0: Called Strike
2-1: Ball
3-1: Fly out, F4 (Flyball, 34D, EV 73.1 MPH)
Batting: LHB Gabe White 0-0: Called Strike
0-1: Ball
1-1: Foul Ball, location: 2F
1-2: Ground out 4-3 (Groundball, 4M, EV 81.3 MPH)
Batting: RHB Adam Burke 0-0: Ball
1-0: Swinging Strike
1-1: SINGLE (Flyball, 4D, EV 88.8 MPH)
Batting: LHB Isto Mäyrä 0-0: Called Strike
0-1: SINGLE (Line Drive, 4D, EV 100.6 MPH)
Adam Burke to second
Runner from 2nd tries for 3rd, SAFE, throw by RF made to third
Batting: SHB Dylan Novakowski 0-0: Ball
1-0: Called Strike
1-1: Foul Ball, location: 2F
1-2: SINGLE (Line Drive, 4D, EV 109.4 MPH)
Adam Burke scores
Isto Mäyrä to second
Pitching: LHP Jordan Ruiz
Batting: RHB Jerry Jauregui 0-0: Ball
1-0: Called Strike
1-1: Ball
2-1: Foul Ball, location: 2F
2-2: Ball
3-2: Base on Balls
Isto Mäyrä to third
Dylan Novakowski to second
Batting: LHB Jon Schick 0-0: Called Strike
0-1: Called Strike
0-2: Strikes out swinging
Bottom of the 3rd over - 1 run, 3 hits, 0 errors, 3 left on base; Houston 0 - Toronto 5
TOP OF THE 4TH
Houston Astros batting - Pitching for Toronto Blue Jays : RHP Timo Lantinga
Batting: RHB Chang-wei Jiang 0-0: Ball
1-0: Called Strike
1-1: Ball
2-1: Foul Ball, location: 2F
2-2: Foul Ball, location: 2F
2-2: Strikes out swinging
Batting: SHB Addick de Vries 0-0: Called Strike
0-1: Ball
1-1: Fly out, F5 (Popup, 56S, EV 72.5 MPH)
Batting: RHB Danny Dyer 0-0: Foul Ball, location: 2F
0-1: Ground out 5-3 (Groundball, 5, EV 80.6 MPH)
Top of the 4th over - 0 runs, 0 hits, 0 errors, 0 left on base; Houston 0 - Toronto 5
BOTTOM OF THE 4TH
Toronto Blue Jays batting - Pitching for Houston Astros : LHP Jordan Ruiz
Batting: RHB Shigem Kubo 0-0: Foul Ball, location: 2F
0-1: Foul Ball, location: 2F
0-2: Ball
1-2: Foul Ball, location: 2F
1-2: Fly out, F9 (Line Drive, 9, EV 101.3 MPH)
Batting: RHB Ruben Velasco 0-0: Called Strike
0-1: Called Strike
0-2: Ball
1-2: Ball
2-2: Fly out, F9 (Flyball, 9LM, EV 83.8 MPH)
Batting: RHB Kirk Arp 0-0: Ground out 6-3 (Groundball, 56, EV 86.3 MPH)
Bottom of the 4th over - 0 runs, 0 hits, 0 errors, 0 left on base; Houston 0 - Toronto 5
TOP OF THE 5TH
Houston Astros batting - Pitching for Toronto Blue Jays : RHP Timo Lantinga
Batting: SHB Joe Gardner 0-0: DOUBLE (Line Drive, 78D, EV 103.8 MPH)
Batting: RHB Trevor Mock 0-0: Called Strike
0-1: Foul Ball, location: 2F
0-2: Strikes out looking
Batting: LHB Ian Jarvis 0-0: Called Strike
0-1: Ball
1-1: Called Strike
Joe Gardner steals 3rd base
1-2: Fly out, F8 (Flyball, 89XD, EV 88.1 MPH)
Runner from 3rd tags up, SCORES, no throw by CF
Batting: RHB Josh Froyd 0-0: Ball
1-0: Called Strike
1-1: Ball
2-1: Foul Ball, location: 2F
2-2: SOLO HOME RUN (Line Drive, 9D, EV 108.1 MPH), Distance : 388 ft
Batting: LHB Bryce Hill 0-0: Ball
1-0: Ball
2-0: Fly out, F7 (Flyball, 7LM, EV 88.8 MPH)
Top of the 5th over - 2 runs, 2 hits, 0 errors, 0 left on base; Houston 2 - Toronto 5
BOTTOM OF THE 5TH
Toronto Blue Jays batting - Pitching for Houston Astros : LHP Jordan Ruiz
Batting: LHB Gabe White 0-0: Ground out 6-3 (Groundball, 6M, EV 79.4 MPH)
Batting: RHB Adam Burke 0-0: Ball
1-0: Called Strike
1-1: Called Strike
1-2: Strikes out swinging
Batting: LHB Isto Mäyrä 0-0: Ball
1-0: Ball
2-0: Called Strike
2-1: Ground out 4-3 (Groundball, 4, EV 88.8 MPH)
Bottom of the 5th over - 0 runs, 0 hits, 0 errors, 0 left on base; Houston 2 - Toronto 5
TOP OF THE 6TH
Houston Astros batting - Pitching for Toronto Blue Jays : RHP Timo Lantinga
Batting: RHB Matt Thompson 0-0: Foul Ball, location: 2F
0-1: Foul Ball, location: 2F
0-2: Ball
1-2: Ball
2-2: Foul Ball, location: 2F
2-2: Foul Ball, location: 2F
2-2: Foul Ball, location: 2F
2-2: Ball
3-2: Fly out, F2 (Popup, 2LF, EV 87.5 MPH)
Batting: RHB Chang-wei Jiang 0-0: Ball
1-0: Swinging Strike
1-1: Ball
2-1: Foul Ball, location: 2F
2-2: Strikes out swinging
Batting: SHB Addick de Vries 0-0: Called Strike
0-1: Ground out 2-3 (Groundball, 15S, EV 72.5 MPH)
Top of the 6th over - 0 runs, 0 hits, 0 errors, 0 left on base; Houston 2 - Toronto 5
BOTTOM OF THE 6TH
Toronto Blue Jays batting - Pitching for Houston Astros : LHP Jordan Ruiz
Batting: SHB Dylan Novakowski 0-0: Ball
1-0: Ball
2-0: Ball
3-0: Called Strike
3-1: Foul Ball, location: 2F
3-2: Base on Balls
Batting: RHB Jerry Jauregui 0-0: Grounds into double play, 6-4-3 (Groundball, 6, EV 85.0 MPH)
Batting: LHB Jon Schick 0-0: Foul Ball, location: 2F
0-1: Fly out, F8 (Flyball, 8LD, EV 97.5 MPH)
Bottom of the 6th over - 0 runs, 0 hits, 0 errors, 0 left on base; Houston 2 - Toronto 5
TOP OF THE 7TH
Houston Astros batting - Pitching for Toronto Blue Jays : RHP Timo Lantinga
Now at C: Tommy Mize
Now at 2B: Dylan Novakowski
Batting: RHB Danny Dyer 0-0: Called Strike
0-1: Ball
1-1: Swinging Strike
1-2: Strikes out swinging
Batting: SHB Joe Gardner 0-0: Ball
1-0: Ball
2-0: Ball
3-0: Base on Balls
Batting: RHB Trevor Mock 0-0: Ball
1-0: Called Strike
1-1: Fly out, F7 (Flyball, 7LM, EV 90.6 MPH)
Batting: LHB Ian Jarvis 0-0: Ball
1-0: Called Strike
Joe Gardner steals 2nd base
1-1: Ball
2-1: Fly out, F5 (Popup, 5F, EV 66.9 MPH)
Top of the 7th over - 0 runs, 0 hits, 0 errors, 1 left on base; Houston 2 - Toronto 5
BOTTOM OF THE 7TH
Toronto Blue Jays batting - Pitching for Houston Astros : LHP Jordan Ruiz
Pitching: RHP Kyle McPeak
Batting: RHB Shigem Kubo 0-0: Ball
1-0: Ball
2-0: Called Strike
2-1: Called Strike
2-2: Ground out 6-3 (Groundball, 6M, EV 83.1 MPH)
Batting: RHB Ruben Velasco 0-0: Ball
1-0: Swinging Strike
1-1: Swinging Strike
1-2: Foul Ball, location: 2F
1-2: Foul Ball, location: 2F
1-2: Strikes out swinging
Batting: RHB Kirk Arp 0-0: SINGLE (Flyball, 9S, EV 91.3 MPH)
Batting: LHB Gabe White 0-0: Ball
1-0: Ball
2-0: Foul Ball, location: 2F
2-1: 2-RUN HOME RUN (Flyball, 9D, EV 95.6 MPH), Distance : 374 ft
Batting: RHB Tommy Mize 0-0: Ball
1-0: Ball
2-0: Foul Ball, location: 2F
2-1: Ball
3-1: Base on Balls
Batting: LHB Isto Mäyrä 0-0: Ball
1-0: SINGLE (Groundball, 4S, EV 68.8 MPH) (infield hit)
Tommy Mize to second
Batting: SHB Dylan Novakowski 0-0: Called Strike
0-1: Called Strike
0-2: Ball
1-2: Ground out 1-3 (Groundball, 23, EV 66.9 MPH)
Bottom of the 7th over - 2 runs, 3 hits, 0 errors, 2 left on base; Houston 2 - Toronto 7
TOP OF THE 8TH
Houston Astros batting - Pitching for Toronto Blue Jays : RHP Timo Lantinga
Batting: RHB Josh Froyd 0-0: Ball
1-0: Called Strike
1-1: Foul Ball, location: 2F
1-2: Foul Ball, location: 2F
1-2: Ball
2-2: Ball
3-2: Fly out, F8 (Line Drive, 8LD, EV 102.5 MPH)
Batting: LHB Bryce Hill 0-0: Ball
1-0: Ground out 5-3 (Groundball, 56, EV 78.8 MPH)
Batting: RHB Matt Thompson 0-0: Ball
1-0: Ball
2-0: Swinging Strike
2-1: Called Strike
2-2: Foul Ball, location: 2F
2-2: Foul Ball, location: 2F
2-2: Strikes out swinging
Top of the 8th over - 0 runs, 0 hits, 0 errors, 0 left on base; Houston 2 - Toronto 7
BOTTOM OF THE 8TH
Toronto Blue Jays batting - Pitching for Houston Astros : RHP Kyle McPeak
Batting: RHB Jerry Jauregui 0-0: Fly out, F3 (Line Drive, 4, EV 64.4 MPH)
Batting: LHB Jon Schick 0-0: Ball
1-0: Called Strike
1-1: Called Strike
1-2: Ball
2-2: Foul Ball, location: 2F
2-2: DOUBLE (Line Drive, 7LS, EV 105.0 MPH)
Batting: RHB Shigem Kubo 0-0: Ball
1-0: Foul Ball, location: 2F
1-1: Ball
2-1: Called Strike
2-2: Strikes out looking
Batting: RHB Ruben Velasco 0-0: Reached on error, E4 (Groundball, 4S, EV 81.9 MPH)
Jon Schick to third
Batting: RHB Kirk Arp 0-0: Called Strike
0-1: Ball
1-1: Ground out 4-3 (Groundball, 4, EV 88.1 MPH)
Bottom of the 8th over - 0 runs, 1 hit, 1 error, 2 left on base; Houston 2 - Toronto 7
TOP OF THE 9TH
Houston Astros batting - Pitching for Toronto Blue Jays : RHP Timo Lantinga
Batting: RHB Chang-wei Jiang 0-0: Called Strike
0-1: Foul Ball, location: 2F
0-2: Fly out, F7 (Flyball, 78S, EV 87.5 MPH)
Batting: SHB Addick de Vries 0-0: Ball
1-0: Called Strike
1-1: Ball
2-1: Foul Ball, location: 2F
2-2: Foul Ball, location: 2F
2-2: Ball
3-2: Base on Balls
Pitching: RHP Mike Pedigo
Batting: RHB Danny Dyer 0-0: Swinging Strike
0-1: Swinging Strike
0-2: Strikes out swinging
Batting: SHB Joe Gardner 0-0: Foul Ball, location: 2F
0-1: Ball
1-1: Fly out, F7 (Line Drive, 7D, EV 99.4 MPH)
Top of the 9th over - 0 runs, 0 hits, 0 errors, 1 left on base; Houston 2 - Toronto 7
Thursday, March 31st , 2022 - OOTP Baseball 22.12 Build 89